 Dungeon Crawl Stone Soup version 0.30-b1-2-g02819fbbbe (webtiles) character file.

Game seed: 17898448671194230266

1472 Hyawatha the Covered (level 8, -8/105 HPs)
             Began as a Minotaur Berserker on May 8, 2023.
             Was a Priest of Trog.
             Mangled by a yak (13 damage)
             ... on level 10 of the Dungeon.
             The game lasted 00:20:14 (5849 turns).

Hyawatha the Covered (Minotaur Berserker)           Turns: 5849, Time: 00:20:14

Health: -8/105     AC:  6    Str: 22    XL:     8   Next: 49%
Magic:  7/7        EV: 12    Int:  6    God:    Trog [***...]
Gold:   235        SH:  3    Dex: 10    Spells: 7/7 levels left

rFire   . . .        a - +0 hand axe
rCold   . . .        t - +0 buckler
rNeg    + . .        r - +1 leather armour of Wotiga Byhipn {rN+}
rPois   .            v - +0 hat
rElec   .            b - +0 cloak
rCorr   .            (no gloves)
SInv    +            (no boots)
Will    .....        w - amulet of regeneration Stlth
                     l - ring of see invisible
HPRegen 1.17/turn    (no ring)
MPRegen 0.10/turn

%: no passive effects
@: berserking, very quick
A: horns 2, retaliatory headbutt
a: Renounce Religion, Berserk, Trog's Hand


You were on level 10 of the Dungeon.
You worshipped Trog.
Trog was most pleased with you.
You visited 2 branches of the dungeon, and saw 11 of its levels.

You collected 287 gold pieces.
You spent 52 gold pieces at shops.

Inventory:

Hand Weapons
 a - a +0 hand axe (weapon)
 c - a +0 falchion
 q - the +3 dagger of Opat {flame, rElec rPois Will- Int+6}
   (You found it on level 6 of the Dungeon)

   Int:       It affects your intelligence (+6).
   rElec:     It insulates you from electricity.
   rPois:     It protects you from poison.
   Will:      It decreases your willpower.
 s - a +4 dagger
Missiles
 k - 2 boomerangs
 m - 6 poisoned darts (quivered)
Armour
 b - a +0 cloak (worn)
 r - the +1 leather armour of Wotiga Byhipn (worn) {rN+}
   (You found it on level 5 of the Dungeon)

   rN:        It protects you from negative energy.
 t - a +0 buckler (worn)
 v - a +0 hat (worn)
Jewellery
 g - a ring of protection from fire
 h - a ring of magical power
 j - the ring of the Green God {Drain Fly rPois rC- Int+8}
   (You found it on level 3 of the Dungeon)

   [ring of flight]

   Int:       It affects your intelligence (+8).
   rC:        It makes you vulnerable to cold.
   rPois:     It protects you from poison.
   Fly:       It grants you flight.
   Drain:     It drains your maximum health when unequipped.
 l - a ring of see invisible (left hand)
 w - an amulet of regeneration (around neck)
Scrolls
 i - 5 scrolls of teleportation
 o - a scroll of summoning
Potions
 d - 5 potions of might
 e - a potion of heal wounds
 f - 6 potions of curing
 n - a potion of lignification
 p - a potion of flight


   Skills:
 * Level 6.0 Fighting
 + Level 6.7 Axes
 * Level 2.2 Throwing
 * Level 6.9 Armour
 * Level 5.3 Dodging
 * Level 3.0 Stealth
 + Level 1.5 Shields


You had 7 spell levels left.
You didn't know any spells.
Your spell library was empty.

Dungeon Overview and Level Annotations

Branches:
Dungeon (11/15)            Temple (1/1) D:6
   Lair: D:8-11         Orc: D:9-12

Altars:
Ashenzari
Cheibriados
Elyvilon
Ru
Trog
Uskayaw
Vehumet
Xom
Yredelemnul
The Shining One

Shops:
D:1 *   D:6 :

Annotations:
D:5 exclusion: downstairs
D:6 Pikel
Temple 2 transporters


Innate Abilities, Weirdness & Mutations

You have a pair of horns on your head.
You reflexively headbutt those who attack you in melee.


Message History

The yak is severely wounded.
You hit the yak.
You hear the faint creaking of a portcullis nearby.
The yak gores you! x2
You slash the yak!
The yak is almost dead.
You hit the yak but do no damage. The yak gores you. The yak gores you!
You hit the yak.
You kill the yak!
Trog accepts your kill.
You closely miss the yak. You block the yak's attack.
Your Fighting skill increases to level 6!
Your Stealth skill increases to level 3!
You hit the yak. You headbutt the yak!
The yak is moderately wounded.
The yak gores you!
* * * LOW HITPOINT WARNING * * *
The yak gores you!
* * * LOW HITPOINT WARNING * * *
There is an open door here.
The yak attacks as you move away! You block the yak's attack. x2
A red film seems to cover your vision as you go berserk!
You feel yourself moving faster!
You feel mighty!
You can no longer call in reinforcements.
The yak closely misses you. The yak gores you.
* * * LOW HITPOINT WARNING * * *
You hit the yak but do no damage. You headbutt the yak!
The yak is moderately wounded.
You hit the yak. You slash the yak! You headbutt the yak!
The yak is almost dead.
You hit the yak. The yak gores you.
* * * LOW HITPOINT WARNING * * *
The yak gores you!
* * * LOW HITPOINT WARNING * * *
You barely miss the yak. You headbutt the yak.
You kill the yak!
Trog accepts your kill.
You slash the yak! The yak gores you!
You die...

###########
####+####.........#
#.......#.........#
#.......#Y).......#
#.......†@).......#
#.......#.........#
#.......###########
#......># #.......#
#.......# #.......#
#.......# #........


You could see a yak.

Vanquished Creatures
  2 yaks (D:10)
  2 ogres
  2 centaurs
  A phantom (D:4)
  A lemure (D:6)
  A bullfrog (D:4)
  A scorpion (D:5)
  A wight (D:8)
  2 orc priests
  2 jellies (D:6)
  A gnoll bouda (D:5)
  2 hounds
  A sleepcap (D:5)
  Natasha (thrice) (D:4)
  3 iguanas
  4 orc wizards
  4 gnolls
  8 adders
  An ufetubus (D:6)
  5 worms
  3 dart slugs
  19 orcs
  8 endoplasms
  3 giant cockroaches
  9 goblins
  4 hobgoblins
  7 jackals
  9 quokkas
  10 ball pythons
  6 bats
  A frilled lizard (D:1)
  6 kobolds
  7 rats
139 creatures vanquished.

Notes
Turn   | Place    | Note
-------+----------+-------------------------------------------
     0 | D:1      | Hyawatha the Minotaur Berserker began the quest for the
                  | Orb.
     0 | D:1      | Reached XP level 1. HP: 19/19 MP: 0/0
   264 | D:2      | Reached XP level 2. HP: 27/27 MP: 1/1
   411 | D:2      | Reached XP level 3. HP: 32/33 MP: 2/2
   601 | D:1      | Reached ** piety under Trog
   617 | D:1      | Found Vedan's General Store.
   626 | D:1      | Bought a potion of might for 52 gold pieces
   863 | D:1      | Reached skill level 1 in Stealth
  1025 | D:1      | Reached XP level 4. HP: 40/40 MP: 3/3
  1847 | D:3      | Found a broken altar of Ashenzari.
  1920 | D:3      | Reached *** piety under Trog
  2068 | D:3      | Identified the ring of the Green God {Drain Fly rPois rC-
                  | Int+8}
  2123 | D:3      | Reached XP level 5. HP: 46/46 MP: 4/4
  2503 | D:5      | Entered Level 5 of the Dungeon
  2637 | D:4      | Reached skill level 5 in Axes
  2717 | D:4      | Found a glowing golden altar of the Shining One.
  2722 | D:4      | Noticed Natasha
  2732 | D:4      | Killed Natasha
  2803 | D:5      | Noticed an ogre
  2829 | D:4      | Noticed Natasha
  2836 | D:4      | Killed Natasha
  2837 | D:4      | Reached XP level 6. HP: 48/53 MP: 5/5
  2950 | D:4      | Noticed Natasha
  2960 | D:4      | Killed Natasha
  3057 | D:4      | Reached skill level 5 in Armour
  3955 | D:6      | Identified the +3 dagger of Opat {flame, rElec rPois Will-
                  | Int+6}
  3976 | D:5      | Identified the +1 leather armour of Wotiga Byhipn {rN+}
  4069 | D:6      | Found a staircase to the Ecumenical Temple.
  4078 | Temple   | Entered the Ecumenical Temple
  4078 | Temple   | Found a transporter.
  4078 | Temple   | Found a transporter.
  4202 | D:6      | Reached XP level 7. HP: 54/60 MP: 6/6
  4253 | D:6      | Found Veresuq's Book Shoppe.
  4254 | D:6      | Noticed Pikel
  4443 | D:4      | Reached skill level 5 in Fighting
  4512 | D:5      | Reached skill level 1 in Throwing
  4897 | D:5      | Reached XP level 8. HP: 54/69 MP: 7/7
  5234 | D:6      | Reached skill level 5 in Dodging
  5258 | D:6      | Reached **** piety under Trog
  5699 | D:7      | Reached skill level 1 in Shields
  5720 | D:8      | HP: 1/70 [steam dragon/ball of steam (25)]
  5722 | D:8      | You fall into a shaft and drop 3 floors!
  5791 | D:10     | Entered Level 10 of the Dungeon
  5848 | D:10     | HP: 4/105 [yak (15)]
  5849 | D:10     | Mangled by a yak

Illustrated notes

Levels and vault maps discovered:
D:1:      dpeg_arrival_castle, layout_basic, serial_shops, shop
D:2:      layout_basic, kennysheep_generic_room_3
D:3:      layout_loops_cross, cheibrodos_ashenzari_chains, minmay_cupped
D:4:      layout_basic, general_overflow_altar, uniq_natasha
D:5:      layout_layer_cave
D:6:      layout_basic, okawaru_altar_gauntlet_db,
          minmay_temple_entry_antechambers, serial_shops,
          nicolae_shop_hallway_stairs, hex_large, uniq_pikel
D:7:      cheibrodos_iron_armory, layout_gridville, kennysheep_generic_room_14
D:8:      layout_rooms, serial_shops, nicolae_shop_hallway_plus
D:10:     layout_grid_maze, enter_bailey_5, minmay_hedge_maze
D:11:     layout_loops_corners, serial_shops, shop_statue,
          minmay_misc_feat_more_columns
Temple:   hellmonk_temple_divided_pantheon

Skill      XL: |  1  2  3  4  5  6  7  8 |
---------------+-------------------------+-----
Fighting       | 4 5 6 |  6.0
Axes           | 4 5 6 |  6.7
Stealth        | 1 2 3 |  3.0
Armour         | 3 4 5 6 |  6.9
Dodging        | 3 4 5 |  5.3
Throwing       | 1 2 |  2.2
Shields        | 1 |  1.5

Action                     |  1- 3 |  4- 6 |  7- 9 || total
---------------------------+-------+-------+-------++-------
  Melee: Hand axe          |    95 |   189 |   138 ||   422
         Headbutt          |    15 |    32 |    31 ||    78
         Punch             |       |       |     1 ||     1
 Invoke: Berserk           |       |       |     2 ||     2
    Use: Scroll            |       |     8 |     4 ||    12
         Potion            |       |       |     1 ||     1
   Stab: Sleeping          |       |       |     1 ||     1
 Armour: Scale mail        |    40 |    88 |       ||   128
         Leather armour    |       |     1 |    42 ||    43
  Dodge: Dodged            |    52 |    90 |   115 ||   257
  Block: Buckler           |       |       |    26 ||    26
